 Dungeon Crawl Stone Soup version 0.28-a0-1356-g2ad6d04315 (webtiles) character file.

Game seed: 3339281587082376850

118 Shayle the Sneak (level 4, -9/18 HPs)
             Began as a Felid Air Elementalist on Dec 31, 2021.
             Killed from afar by a white imp (11 damage)
             ... with a puff of frost
             ... on level 5 of the Dungeon.
             The game lasted 00:20:13 (5609 turns).

Shayle the Sneak (Felid Air Elementalist)           Turns: 5609, Time: 00:20:14

Health: -9/18      AC:  1    Str:  4    XL:     4   Next: 72%
Magic:  0/8        EV: 17    Int: 18    God:
Gold:   269        SH:  0    Dex: 16    Spells: 0/7 levels left
                                        Lives:  0   Deaths: 1

rFire   . . .      SeeInvis +     - Unarmed
rCold   . . .      Faith    .   (shield unavailable)
rNeg    . . .      Spirit   .   (armour unavailable)
rPois   +          Reflect  .   (helmet unavailable)
rElec   .          Harm     .   (cloak unavailable)
rCorr   .          Rampage  .   (gloves unavailable)
Will    .....                   (boots unavailable)
Stlth   +++.......              (no amulet)
HPRegen 0.06/turn               d - ring of poison resistance
MPRegen 0.11/turn               (no ring)

@: very slightly contaminated, hasted, very quick
A: very small, claws 1, fangs 3, see invisible, speed 1, shaggy fur 1, stealthy
paws, no weapons or thrown items, no armour, multi-lived
a: no special abilities


You were on level 5 of the Dungeon.
You visited 1 branch of the dungeon, and saw 5 of its levels.

You collected 269 gold pieces.

Inventory:

Missiles
 a - 2 datura-tipped darts
Jewellery
 d - a ring of poison resistance (left paw)
 k - an amulet of guardian spirit
Scrolls
 b - a scroll of fear {unknown}
 c - 2 scrolls of blinking
 g - 2 scrolls of summoning
 j - a scroll of silence {unknown}
 l - a scroll of identify
Potions
 e - a potion of brilliance
 f - a potion of magic {unknown}
 i - 2 potions of attraction


   Skills:
 - Level 2.6 Dodging
 + Level 6.0 Stealth
 - Level 1.9 Unarmed Combat
 - Level 2.2 Spellcasting
 - Level 0.8 Conjurations
 + Level 3.6 Air Magic


You couldn't memorise any spells.
You knew the following spells:

 Your Spells              Type           Power      Damage    Failure   Level
a - Shock                 Conj/Air       40%        1d5       7%          1
b - Static Discharge      Conj/Air       10%        N/A       11%         2
c - Airstrike             Air            7%         N/A       36%         4

Your spell library contained the following spells:

 Spells                   Type           Power      Damage    Failure   Level
 Swiftness                Air            15%        N/A       12%         3


Dungeon Overview and Level Annotations

Branches:
Dungeon (5/15)
 Temple: D:4-7

Altars:
Elyvilon
Xom

Annotations:
D:3 Grinder, Terence
D:4 Pikel


Innate Abilities, Weirdness & Mutations

You have sharp claws.
You have razor-sharp teeth.
You have supernaturally acute eyesight. (SInv)
You cover ground quickly. (Speed+)
You are covered in fur. (AC +1)
Your paws help you pounce on unaware monsters.
You are incapable of wielding weapons or throwing items.
You cannot wear armour.
You gain extra lives every three experience levels.


Message History

The white imp gestures at you. The puff of frost hits you!
Ouch! That really hurt!
* * * LOW HITPOINT WARNING * * *
Sorry, you're not good enough to have a special ability.
Unknown command.
Okay, then.
Okay, then.
Casting: Shock (safe; 7% risk of failure)
Confirm with . or Enter, or press ? or * to list all spells.
The spell is potentially lethal to miscast (36% risk of failure)!
Continue anyway?
Aiming: Airstrike (potentially lethal; 36% risk of failure)
Press: ? - help, Dir - move target, f/p - white imp
Aim: a white imp (severely wounded, empty space bonus: 8/8)
You miscast Airstrike.
You are very lightly contaminated with residual magic.
Nothing appears to happen.
Casting: Airstrike (potentially lethal; 36% risk of failure)
Confirm with . or Enter, or press ? or * to list all spells.
You don't have enough magic to cast this spell.
Casting: Airstrike (potentially lethal; 36% risk of failure)
Confirm with . or Enter, or press ? or * to list all spells.
Aiming: Shock (safe; 7% risk of failure)
Press: ? - help, Shift-Dir - straight line, f/p - white imp
Aim: a white imp (severely wounded, 68% to hit)
You miscast Shock.
Nothing appears to happen.
The white imp gestures at you. The puff of frost misses you.
Casting: Shock (safe; 7% risk of failure)
Confirm with . or Enter, or press ? or * to list all spells.
Aiming: Shock (safe; 7% risk of failure)
Press: ? - help, Shift-Dir - straight line, f/p - white imp
Aim: a white imp (severely wounded, 68% to hit)
The zap hits the white imp.
The white imp is almost dead.
It was a potion of haste.
You feel yourself speed up. The white imp gestures at you.
The puff of frost hits you!
Ouch! That really hurt!
You die...

..............
.............#.
..................
#......5.....##..#...
#...............>...
#....$....#.........
#.........#.........
.......@..#..##.....
.#######..#.# #.##.#
#.......###.##.#
#.##..#.....##.# #
#..#.###.##.#
#....###....#
#...........#
##.#.###.##.#
....###.##.#


You could see a white imp.

Vanquished Creatures
  A lemure (D:3)
  A hound (D:4)
  Jessica (D:3)
  A gnoll (D:3)
  2 adders
  A worm (D:4)
  5 dart slugs
  5 orcs
  5 endoplasms
  2 giant cockroaches
  10 hobgoblins
  6 jackals
  10 ball pythons
  7 bats
  4 frilled lizards
  5 goblins
  5 kobolds
  11 rats
82 creatures vanquished.

Vanquished Creatures (others)
  4 plants (D:4)
4 creatures vanquished.

Grand Total: 86 creatures vanquished

Notes
Turn   | Place    | Note
-------+----------+-------------------------------------------
     0 | D:1      | Shayle the Felid Air Elementalist began the quest for the
                  | Orb.
     0 | D:1      | Reached XP level 1. HP: 7/7 MP: 4/4
    90 | D:1      | Reached skill level 3 in Stealth
   443 | D:1      | Reached XP level 2. HP: 11/11 MP: 1/6
   697 | D:1      | Reached skill level 1 in Unarmed Combat
   869 | D:1      | Reached skill level 4 in Stealth
  1443 | D:1      | Reached XP level 3. HP: 9/14 MP: 1/7
  2802 | D:2      | Learned a level 2 spell: Static Discharge
  2809 | D:3      | Noticed Jessica
  2812 | D:3      | Killed Jessica
  2813 | D:3      | Reached skill level 5 in Stealth
  2813 | D:3      | Reached XP level 4. HP: 18/18 MP: 4/8
  2945 | D:3      | Noticed Terence
  3282 | D:3      | Noticed Grinder
  3295 | D:2      | Learned a level 4 spell: Airstrike
  3335 | D:3      | Found a faded altar of an unknown god.
  4280 | D:3      | Found a shimmering altar of Xom.
  4283 | D:3      | Found a white marble altar of Elyvilon.
  4685 | D:3      | Paralysed by Grinder for 5 turns
  4687 | D:3      | Killed from afar by Grinder
  4688 | D:3      | Reached XP level 3. HP: -6/14 MP: 3/7
  4737 | D:4      | Noticed a lemure
  4742 | D:4      | Noticed Pikel
  4855 | D:4      | Reached XP level 4. HP: 18/18 MP: 3/8
  5117 | D:4      | Noticed a scorpion
  5144 | D:4      | Reached skill level 6 in Stealth
  5241 | D:4      | Noticed a lemure
  5241 | D:4      | Noticed a lemure
  5326 | D:3      | Killed a lemure
  5579 | D:5      | Entered Level 5 of the Dungeon
  5609 | D:5      | Killed from afar by a white imp

Illustrated notes

Levels and vault maps discovered:
D:1:      onia_arrival_pyramid, layout_loops_corners, st_stairs_5
D:2:      layout_loops_ring
D:3:      layout_loops_ring, jmf_multi_god_temple, basic_ecumenical_altar,
          uniq_grinder, uniq_terence, uniq_jessica
D:4:      layout_rooms, minmay_temple_entry_from_below_a, serial_bayou_lake_a,
          uniq_pikel
D:5:      layout_basic, uniq_eustachio, uniq_blork_the_orc

Skill      XL: |  1  2  3  4 |
---------------+-------------+-----
Stealth        | 3 4 5 6 |  6.0
Unarmed Combat | 1 |  1.9
Air Magic      | 3 |  3.6
Dodging        | |  2.6
Spellcasting   | |  2.2
Conjurations   | |  0.8

Action                   |  1- 3 |  4- 6 || total
-------------------------+-------+-------++-------
Melee: Unarmed           |    18 |    33 ||    51
       Bite              |     1 |     3 ||     4
 Cast: Shock             |   119 |    78 ||   197
       Static Discharge  |       |     8 ||     8
  Use: Scroll            |     3 |     4 ||     7
       Potion            |       |     3 ||     3
 Stab: Sleeping          |       |     1 ||     1
Armor: Skin              |       |     2 ||     2
Dodge: Dodged            |    30 |    57 ||    87

Table legend: (Time is in decaauts)
 A = Elapsed time spent in this place.
 B = Non-inter-level travel time spent in this place.
 C = Inter-level travel time spent in this place.
 D = Time resting spent in this place.
 E = Time spent auto-exploring this place.
 F = Levels seen in this place.
 G = Mean time per level.
                   A        B        C        D        E       F      G
               +--------+--------+--------+--------+--------+-----+--------+
         Total |   5107 |   4985 |    122 |   1447 |   2449 |   5 | 1021.4 |
       Dungeon |   5107 |   4985 |    122 |   1447 |   2449 |   5 | 1021.4 |
               +--------+--------+--------+--------+--------+-----+--------+

Top non-repeatable levels by time:
     D:1: 1594 daAuts
     D:3: 1581 daAuts
     D:2: 1332 daAuts
     D:4: 573 daAuts
     D:5: 25 daAuts
